 Dungeon Crawl Stone Soup version 0.28-a0-803-g74956062c1 (webtiles) character file.

Game seed: 5893573360398273623

88 BinkBink the Charlatan (level 4, -1/25 HPs)
             Began as a Deep Elf Artificer on Nov 7, 2021.
             Slain by a gnoll (12 damage)
             ... on level 3 of the Dungeon.
             The game lasted 00:09:15 (1862 turns).

BinkBink the Charlatan (Deep Elf Artificer)         Turns: 1862, Time: 00:09:17

Health: -1/25      AC:  0    Str:  9    XL:     4   Next: 30%
Magic:  7/9        EV: 12    Int: 17    God:
Gold:   32         SH:  0    Dex: 15    Spells: 7/8 levels left

rFire   . . .      SeeInvis .   j - staff of conjuration
rCold   . . .      Faith    .   (no shield)
rNeg    . . .      Spirit   .   (no armour)
rPois   .          Reflect  .   (no helmet)
rElec   .          Harm     .   (no cloak)
rCorr   .          Rampage  .   (no gloves)
Will    .....                   (no boots)
Stlth   ++........              (no amulet)
HPRegen 0.08/turn               (no ring)
MPRegen 0.11/turn               (no ring)

@: no status effects
A: no striking features
a: no special abilities


You were on level 3 of the Dungeon.
You visited 1 branch of the dungeon, and saw 3 of its levels.

You collected 60 gold pieces.
You spent 28 gold pieces at shops.

Inventory:

Hand Weapons
 a - a +0 club
Missiles
 l - a throwing net
Armour
 m - a +2 pair of gloves
Magical Staves
 j - a staff of conjuration (weapon)
Jewellery
 i - an amulet of guardian spirit
Wands
 d - a wand of charming (8) (quivered)
Scrolls
 b - a scroll of vulnerability {unknown}
 c - a scroll of blinking {unknown}
 f - a scroll of noise {unknown}
 h - a scroll of teleportation {unknown}
 k - a scroll of brand weapon {unknown}
Potions
 g - 3 potions of curing {unknown}
Miscellaneous
 e - a piece from Xom's chessboard (15/15)


   Skills:
 + Level 1.0 Fighting
 - Level 0.7 Armour
 + Level 2.6 Dodging
 * Level 2.5 Stealth
 * Level 2.5 Spellcasting
 * Level 0.1 Conjurations
 + Level 4.5 Evocations


You had 7 spell levels left.
You knew the following spells:

 Your Spells              Type           Power      Damage    Failure   Level
a - Magic Dart            Conj           12%        1d3       17%         1

Your spell library contained the following spells:

 Spells                   Type           Power      Damage    Failure   Level
 Sublimation of Blood     Necr           2%         N/A       28%         2
 Petrify                  Tmut/Erth      2%         N/A       88%         4
 Irradiate                Conj/Tmut      1%         3d14      99%         5


Dungeon Overview and Level Annotations

Branches:
Dungeon (3/15)

Altars:
Cheibriados
Kikubaaqudgha

Shops:
D:2 *

Annotations:
D:3 Ijyb


Message History

Guard this area!
The gnoll is no longer charmed.
Casting: Magic Dart (safe; 17% risk of failure)
Confirm with . or Enter, or press ? or * to list all spells.
Aiming: Magic Dart (safe; 17% risk of failure)
Press: ? - help, Shift-Dir - straight line, f/p - gnoll
Aim: a gnoll, wielding a +0 halberd (wandering, hasn't noticed you, 100% to hit)
You feel a surge of power!
The magic dart hits the gnoll.
The gnoll is lightly wounded.
The gnoll shouts!
The gnoll barely misses you.
Casting: Magic Dart (safe; 17% risk of failure)
Confirm with . or Enter, or press ? or * to list all spells.
Aiming: Magic Dart (safe; 17% risk of failure)
Press: ? - help, Shift-Dir - straight line, f/p - gnoll
Aim: a gnoll, wielding a +0 halberd (lightly wounded, 100% to hit)
You feel a surge of power!
The magic dart hits the gnoll.
The gnoll is lightly wounded.
A giant cockroach comes into view.
The gnoll barely misses you.
The gnoll struggles to resist.
The gnoll barely misses you.
Unknown command.
The gnoll struggles to resist.
The gnoll hits you with a +0 halberd!
Ouch! That really hurt!
Unknown command.
You are too injured to fight recklessly!
Hit: j) staff of conjuration
Press: ? - help, Dir - move target, f/p - gnoll
Aim: a gnoll, wielding a +0 halberd (lightly wounded, about 35% to evade your staff of conjuration)
You closely miss the gnoll.
The gnoll is lightly wounded.
The giant cockroach misses you. The gnoll closely misses you.
The giant cockroach barely misses you.
Hit: j) staff of conjuration
Press: ? - help, Dir - move target, f/p - gnoll
Aim: a gnoll, wielding a +0 halberd (lightly wounded, about 35% to evade your staff of conjuration)
You hit the gnoll.
The gnoll is moderately wounded.
The gnoll hits you with a +0 halberd!
You die...

#....####........####. #....
#≈≈≈≈≈≈≈≈# #.
....################# .......#
#.#..#.# ..$...######..#.#.#
#.......#...#.#.#.# #.........#
#.......#...#...#.# #.........#
#Bg.....#...##..#.# #.........#
#.@.....#...##....#
#........†####.......#...###....
#.........#..........#...###....
#.........#...#....###...#......
#.........#...#....##...........
#.........#...#....##...........
######.#.........<..............
#.#.######.#####...........
#.#......#.###.............


You could see a gnoll and a giant cockroach.

Vanquished Creatures
  Jessica (D:2)
  A gnoll (D:2)
  An adder (D:2)
  A worm (D:2)
  3 bat zombies (D:3)
  An endoplasm (D:3)
  3 giant cockroaches (D:2)
  A goblin (D:3)
  8 hobgoblins
  2 kobolds (D:2)
  A bat (D:2)
  A frilled lizard (D:3)
  2 rats
  2 rat zombies (D:3)
28 creatures vanquished.

Vanquished Creatures (collateral kills)
  2 gnolls
2 creatures vanquished.

Vanquished Creatures (others)
  2 plants (D:3)
2 creatures vanquished.

Grand Total: 32 creatures vanquished

Notes
Turn   | Place    | Note
-------+----------+-------------------------------------------
     0 | D:1      | BinkBink the Deep Elf Artificer began the quest for the
                  | Orb.
     0 | D:1      | Reached XP level 1. HP: 11/11 MP: 3/3
   221 | D:1      | You fall into a shaft and drop 1 floor!
   314 | D:2      | Reached XP level 2. HP: 12/16 MP: 5/5
   316 | D:2      | Reached skill level 1 in Spellcasting
   318 | D:2      | Noticed Jessica
   319 | D:2      | Killed Jessica
   320 | D:2      | Reached skill level 4 in Evocations
   320 | D:2      | Reached XP level 3. HP: 15/20 MP: 5/7
   444 | D:2      | Found Ajoank's Assorted Antiques.
   453 | D:2      | Bought a fizzy golden potion for 28 gold pieces
   488 | D:2      | Found a faded altar of an unknown god.
   494 | D:2      | Got Plato's Catalogue of Attacks
   497 | D:2      | Learned a level 1 spell: Magic Dart
   820 | D:2      | Reached skill level 1 in Fighting
  1340 | D:3      | Found an ancient bone altar of Kikubaaqudgha.
  1480 | D:3      | Reached XP level 4. HP: 16/25 MP: 2/9
  1485 | D:3      | Noticed Ijyb
  1698 | D:3      | Found a snail-covered altar of Cheibriados.
  1862 | D:3      | Slain by a gnoll

Illustrated notes

Levels and vault maps discovered:
D:1:      lightli_arrival_quake, layout_loops_ring, minmay_ruptured
D:2:      layout_rooms, serial_shops, shop, shapermc_ecumenical_altar_rom_forum,
          minmay_misc_feat_secret_circle, uniq_jessica
D:3:      cheibrodos_old_hovel, layout_basic,
          mainiacjoe_overflow_small_starburst,
          lemuel_zombie_altar_kikubaaqudgha, uniq_ijyb

Skill      XL: |  1  2  3 |
---------------+----------+-----
Spellcasting   | 1 2 |  2.5
Evocations     | 4 |  4.5
Stealth        | 2 |  2.5
Fighting       | 1 |  1.0
Armour         | |  0.7
Dodging        | |  2.6
Conjurations   | |  0.1

Action                   |  1- 3 |  4- 6 || total
-------------------------+-------+-------++-------
Melee: Club              |     7 |       ||     7
       Staff             |       |     2 ||     2
 Cast: Magic Dart        |    38 |     9 ||    47
Evoke: Wand              |    26 |     4 ||    30
Dodge: Dodged            |     9 |    11 ||    20

Table legend: (Time is in decaauts)
 A = Elapsed time spent in this place.
 B = Non-inter-level travel time spent in this place.
 C = Inter-level travel time spent in this place.
 D = Time resting spent in this place.
 E = Time spent auto-exploring this place.
 F = Levels seen in this place.
 G = Mean time per level.
                   A        B        C        D        E       F      G
               +--------+--------+--------+--------+--------+-----+--------+
         Total |   1864 |   1808 |     56 |      0 |   1462 |   3 |  621.3 |
       Dungeon |   1864 |   1808 |     56 |      0 |   1462 |   3 |  621.3 |
               +--------+--------+--------+--------+--------+-----+--------+

Top non-repeatable levels by time:
     D:2: 1053 daAuts
     D:3: 587 daAuts
     D:1: 223 daAuts
